 Dungeon Crawl Stone Soup version 0.28.0-53-g5a82cb258f (webtiles) character file.

Game seed: 14740977552919453143

49 LynnLen the Sneak (level 3, -2/19 HPs)
             Began as a Vampire Enchanter on July 29, 2022.
             Slain by an adder (5 damage)
             ... on level 2 of the Dungeon.
             The game lasted 00:04:20 (1788 turns).

LynnLen the Sneak (Vampire Enchanter)               Turns: 1788, Time: 00:04:21

Health: -2/19      AC:  2    Str:  7    XL:     3   Next: 51%
Magic:  5/6        EV: 12    Int: 17    God:
Gold:   43         SH:  0    Dex: 16    Spells: 1/6 levels left

rFire   . . .      SeeInvis +   a - +1 dagger
rCold   + + .      Faith    .   (no shield)
rNeg    + + +      Spirit   .   b - +0 robe
rPois   ∞          Reflect  .   (no helmet)
rElec   .          Harm     .   (no cloak)
rCorr   .          Rampage  .   (no gloves)
Will    .....                   (no boots)
Stlth   +++++.....              (no amulet)
HPRegen 0.00/turn               (no ring)
MPRegen 0.10/turn               (no ring)

@: bloodless, inhibited regen
A: bloodless, fangs 3, see invisible, vampiric 2
a: Bat Form, Revivify


You were on level 2 of the Dungeon.
You visited 1 branch of the dungeon, and saw 2 of its levels.

You collected 43 gold pieces.

Inventory:

Hand Weapons
 a - a +1 dagger (weapon)
Missiles
 e - 90 stones
 g - 4 boomerangs (quivered)
Armour
 b - a +0 robe (worn)
 f - a +0 pair of gloves
Scrolls
 d - 2 scrolls of identify
Potions
 c - a potion of invisibility
 h - a potion of might


   Skills:
 * Level 1.8 Short Blades
 * Level 2.5 Dodging
 * Level 5.9 Stealth
 + Level 2.0 Spellcasting
 + Level 4.7 Hexes


You had one spell level left.
You knew the following spells:

 Your Spells              Type           Power      Damage    Failure   Level
a - Confusing Touch       Hex            18%        N/A       9%          3
b - Ensorcelled Hibernat  Hex/Ice        18%        N/A       11%         2

Your spell library contained the following spells:

 Spells                   Type           Power      Damage    Failure   Level
 Tukima's Dance           Hex            18%        N/A       9%          3
 Dazzling Flash           Conj/Hex       18%        N/A       22%         3


Dungeon Overview and Level Annotations

Branches:
Dungeon (2/15)

Altars:


Innate Abilities, Weirdness & Mutations

You do not regenerate when monsters are visible.
You are frail without blood (-20% HP).
You can heal yourself when you bite living creatures.
You are immune to poison.
You have razor-sharp teeth.
You have supernaturally acute eyesight. (SInv)
You are afflicted with vampirism and can become a bat while bloodless.


Message History

You hit the giant cockroach.
You kill the giant cockroach!
You see here a giant cockroach corpse.
You hit the adder.
The adder is moderately wounded.
The adder seems less confused.
The adder barely misses you. The adder bites you.
You see here a giant cockroach corpse.
You closely miss the adder. Your bite misses the adder.
The adder is moderately wounded.
The adder misses you.
You miss the adder. Your punch misses the adder. Your bite misses the adder.
The adder is moderately wounded.
The adder completely misses you.
You barely miss the adder.
The adder is moderately wounded.
The adder closely misses you.
You closely miss the adder. Your bite misses the adder.
The adder is moderately wounded.
The adder closely misses you. x2
You closely miss the adder.
The adder is moderately wounded.
The adder bites you.
You hit the adder. Your bite misses the adder.
The adder is moderately wounded.
The adder barely misses you.
You barely miss the adder. Your bite misses the adder.
The adder is moderately wounded.
The adder closely misses you.
You barely miss the adder.
The adder is moderately wounded.
The adder bites you.
You hit the adder.
The adder is heavily wounded.
The adder bites you. x2
* * * LOW HITPOINT WARNING * * *
You completely miss the adder.
The adder is heavily wounded.
The adder bites you.
You die...

...............#
##.####..##.####
#..##.# #..##.# #..##.#
#..##.# #..##.####
#..##....#
##..####..##.@#.#
.......<..##.S#...
###..###..#......... #
#..#......?).#
#..#.........#
######+###..#.........#
#........#..#$.$......#
+...........##........
.#........#†##


You could see an adder.

Vanquished Creatures
  An adder (D:1)
  A worm (D:2)
  2 dart slugs (D:1)
  6 ball pythons
  2 endoplasms (D:1)
  2 giant cockroaches (D:2)
  4 goblins (D:1)
  A hobgoblin (D:1)
  A quokka (D:1)
  5 bats (D:1)
  2 frilled lizards (D:1)
  4 kobolds (D:1)
31 creatures vanquished.

Notes
Turn   | Place    | Note
-------+----------+-------------------------------------------
     0 | D:1      | LynnLen the Vampire Enchanter began the quest for the Orb.
     0 | D:1      | Reached XP level 1. HP: 13/13 MP: 3/3
   509 | D:1      | Reached XP level 2. HP: 13/15 MP: 5/5
   996 | D:1      | Reached skill level 5 in Stealth
  1004 | D:1      | Found a faded altar of an unknown god.
  1200 | D:1      | Gained mutation: You are afflicted with vampirism and can
                  | become a bat while bloodless. [Vampire growth]
  1200 | D:1      | Reached XP level 3. HP: 17/19 MP: 6/6
  1207 | D:1      | Learned a level 3 spell: Confusing Touch
  1210 | D:1      | Learned a level 2 spell: Ensorcelled Hibernation
  1788 | D:2      | Slain by an adder

Illustrated notes

Levels and vault maps discovered:
D:1:      erik_arrival_cave_to_civilisation [erik_arrival_cave_to_hall],
          layout_basic, hellmonk_ecumenical_altar_lost_god
D:2:      layout_basic, interstate_on_off

Skill      XL: |  1  2 |
---------------+-------+-----
Stealth        | 5 |  5.9
Short Blades   | |  1.8
Dodging        | |  2.5
Spellcasting   | |  2.0
Hexes          | |  4.7

Action                   || total
-------------------------++-------
Melee: Dagger            ||    87
       Bite              ||     7
Throw: Stone             ||     2
 Cast: Confusing Touch   ||     2
 Abil: Exsanguinate      ||     1
  Use: Scroll            ||     1
 Stab: Sleeping          ||    15
       Confused          ||     1
Armor: Robe              ||    10
Dodge: Dodged            ||    59
